 Dungeon Crawl Stone Soup version 0.29-a0-398-ge13fd1374b (webtiles) character file.

Game seed: 5223962821260310455

1656 Snarg the Insei (level 9, -6/55 HPs)
             Began as an Octopode Transmuter on May 12, 2022.
             Was a Priest of Wu Jian.
             Mangled by a troll (14 damage)
             ... on level 6 of the Dungeon on May 13, 2022.
             The game lasted 00:39:22 (8663 turns).

Snarg the Insei (Octopode Transmuter)               Turns: 8663, Time: 00:39:22

Health: -6/55      AC:  1    Str: 12    XL:     9   Next: 0%
Magic:  12/13      EV: 14    Int: 15    God:    Wu Jian [***...]
Gold:   292        SH:  0    Dex: 14    Spells: 7/14 levels left

rFire   . . .      SeeInvis .     - Unarmed
rCold   . . .      Faith    .   (no shield)
rNeg    . . .      Spirit   .   (helmet currently unavailable)
rPois   .          Reflect  .   (no amulet)
rElec   .          Harm     .   (no ring)
rCorr   .          Rampage  .   (no ring)
Will    .....                   (no ring)
Stlth   ++++......              (no ring)
HPRegen 0.18/turn               (no ring)
MPRegen 0.13/turn               (no ring)
                                (no ring)
                                (no ring)

@: appendages
A: tentacle spike 3, almost no armour, amphibious, 8 rings, camouflage 1,
gelatinous body 1, (nimble swimmer 1), tentacles
a: End Transformation, Renounce Religion, Wall Jump, Serpent's Lash


You were on level 6 of the Dungeon.
You worshipped Wu Jian.
Wu Jian was most pleased with you.
One of your tentacles had grown a beastly spike.
You visited 1 branch of the dungeon, and saw 6 of its levels.
You also visited: Sewer.

You collected 292 gold pieces.

Inventory:

Hand Weapons
 w - a +2 hand axe of freezing
Missiles
 b - 161 stones (quivered)
 l - 8 poisoned darts
 p - 3 boomerangs of dispersal
Armour
 j - a +2 hat (melded)
 n - a +0 buckler
Magical Staves
 e - a staff of poison
 i - a staff of air
 m - a staff of earth
Wands
 u - a wand of mindburst (18)
 A - a wand of flame (25)
 D - a wand of paralysis (3)
Scrolls
 c - 3 scrolls of poison
 d - 2 scrolls of fog
 g - 3 scrolls of blinking
 k - 2 scrolls of fear
 q - 2 scrolls of vulnerability {unknown}
 t - a scroll of amnesia {unknown}
 x - a scroll of enchant weapon
 B - a scroll of teleportation
 C - a scroll of noise {unknown}
Potions
 a - 2 potions of lignification
 f - a potion of mutation
 h - a potion of haste
 o - a potion of brilliance {unknown}
 s - 2 potions of ambrosia
 v - a potion of curing
 z - a potion of heal wounds


   Skills:
 + Level 2.6 Fighting
 - Level 2.0 Throwing
 + Level 4.3 Dodging
 - Level 4.0 Stealth
 + Level 7.5 Unarmed Combat
 - Level 3.0 Spellcasting
 * Level 2.3 Hexes
 + Level 5.1 Transmutations
 + Level 1.0 Evocations


You had 7 spell levels left.
You knew the following spells:

 Your Spells              Type           Power      Damage    Failure   Level
a - Beastly Appendage     Tmut           34%        N/A       2%          1
b - Wereblood             Tmut           17%        N/A       3%          2
c - Confusing Touch       Hex            9%         N/A       22%         3
d - Slow                  Hex            36%        N/A       8%          1

Your spell library contained the following spells:

 Spells                   Type           Power      Damage    Failure   Level
 Spider Form              Tmut/Pois      9%         N/A       22%         3
 Vampiric Draining        Necr           2%         2d6       52%         3
 Ice Form                 Ice/Tmut       9%         N/A       56%         4
 Yara's Violent Unravell  Hex/Tmut       6%         3d5       75%         5
 Enfeeble                 Hex            4%         N/A       100%        7


Dungeon Overview and Level Annotations

Branches:
Dungeon (6/15)              Sewer (visited)
 Temple: D:4-7

Altars:
Ashenzari
Dithmenos
Elyvilon
Gozag
Qazlal
Wu Jian
The Shining One

Annotations:
D:2 clr
D:3 1 runed translucent door, BeautyWhole's ghost, amateur TrFi
D:5 2 transporters, bee vault, Juicyj's ghost, novice MiFi; Sigmund
D:6 1 runed translucent door, Crazy Yiuf


Innate Abilities, Weirdness & Mutations

One of your tentacles has grown a beastly spike.
You cannot wear most types of armour.
You are amphibious.
You can wear up to eight rings at the same time.
Your skin changes colour to match your surroundings (Stealth+).
Your rubbery body absorbs attacks. (AC +1, EV +1)
((You are camouflaged when in or above water. (Stealth+)))
You have tentacles for arms and can constrict up to eight enemies at once.


Message History

A troll is nearby!
Throw: 11 darts (poison)
Press: ? - help, Shift-Dir - straight line, f - troll
Aim: a troll (wandering, hasn't noticed you, 60% to hit)
You throw a poisoned dart. The poisoned dart hits the troll.
The troll is poisoned.
The troll shouts!
Throw: 10 darts (poison)
Press: ? - help, Shift-Dir - straight line, f/p - troll
Aim: a troll (poisoned, 60% to hit)
You throw a poisoned dart.
The poisoned dart closely misses the troll.
Throw: 9 darts (poison)
Press: ? - help, Shift-Dir - straight line, f/p - troll
Aim: a troll (poisoned, 60% to hit)
You throw a poisoned dart.
The poisoned dart closely misses the troll.
Aiming: Mindburst
Press: ? - help, Shift-Dir - straight line, f/p - troll
Aim: a troll (lightly wounded, poisoned, chance to affect: 69%)
The troll's mind is blasted!
Aiming: Mindburst
Press: ? - help, Shift-Dir - straight line, f/p - troll
Aim: a troll (moderately wounded, poisoned, chance to affect: 69%)
The troll's mind is blasted!!
Casting: Beastly Appendage (safe; 2% risk of failure)
Confirm with . or Enter, or press ? or * to list all spells.
One of your tentacles grows a vicious spike.
Your +2 hat melds into your body.
You tentacle-slap the troll.
Your tentacle spike misses the troll.
The troll is severely wounded.
The troll bites you!! The troll claws you! The troll barely misses you.
You tentacle-slap the troll.
Your tentacle spike misses the troll.
The troll is almost dead.
You tentacle-slap the troll.
The troll is almost dead.
The troll bites you! The troll claws you!
* * * LOW HITPOINT WARNING * * *
The troll claws you!
You die...

.....##.............>#.........
....#####..#..##(..####.8......
...######..#.......####.#......
#...##..#..#.#.....##...#....°.
........#..............## .....
.....#.....##..........# .°...
#.#####...###.......#..# .... #.#
#.........T..##...# ....
#.#####.###..###@..############
#.#......###.......#######....###
#............###.#....##........#
#............#####.#.............
...................#####.........
....##.........#....####.........
..###.......<###....#.####.......
....###......###......# ###.....
.....#).......#..####.# ###.....


You could see a troll (poisoned).

Vanquished Creatures
  Menkaure (D:5)
  Duvessa (D:4)
  An orc warrior (D:6)
  An ice beast (D:5)
  3 ogres
  2 centaurs
  2 bullfrogs
  2 scorpions
  Dowan (D:4)
  2 howler monkeys
  2 jellies
  4 hounds
  2 iguanas (D:5)
  An orc wizard (D:6)
  A river rat (D:3)
  6 adders
  3 shadow imps (D:5)
  A white imp (D:5)
  2 worms (D:2)
  A dart slug (D:3)
  21 orcs
  6 ball pythons
  7 endoplasms
  6 giant cockroaches
  8 goblins
  4 hobgoblins
  4 jackals (D:3)
  6 quokkas
  6 bats
  7 frilled lizards
  14 kobolds
  6 rats
134 creatures vanquished.

Vanquished Creatures (others)
  2 withered plants (D:3)
2 creatures vanquished.

Grand Total: 136 creatures vanquished

Notes
Turn   | Place    | Note
-------+----------+-------------------------------------------
     0 | D:1      | Snarg the Octopode Transmuter began the quest for the Orb.
     0 | D:1      | Reached XP level 1. HP: 13/13 MP: 3/3
   410 | D:1      | Reached XP level 2. HP: 17/18 MP: 5/5
  1260 | D:2      | Reached XP level 3. HP: 24/24 MP: 4/6
  1519 | D:2      | Reached skill level 1 in Throwing
  1598 | D:2      | Found a faded altar of an unknown god.
  1606 | D:2      | Prayed at the altar of an unknown god.
  1606 | D:2      | Became a worshipper of the Wu Jian Council
  1606 | D:2      | Reached * piety under Wu Jian
  1825 | D:2      | Learned a level 2 spell: Wereblood
  1829 | D:2      | Learned a level 3 spell: Confusing Touch
  2048 | D:2      | Reached XP level 4. HP: 5/29 MP: 5/7
  2525 | D:3      | Reached skill level 1 in Stealth
  2664 | D:3      | Found a glowing drain.
  2668 | Sewer    | Entered a sewer
  2810 | Sewer    | Noticed Pargi
  2969 | D:3      | Found a broken altar of Ashenzari.
  3054 | D:3      | Reached ** piety under Wu Jian
  3055 | D:3      | Reached XP level 5. HP: 34/34 MP: 8/8
  3139 | D:3      | Reached skill level 4 in Unarmed Combat
  3216 | D:3      | Reached skill level 1 in Hexes
  3412 | D:3      | Found a runed translucent door.
  3413 | D:3      | Noticed BeautyWhole's ghost (amateur TrFi)
  3466 | D:3      | Found a glowing golden altar of the Shining One.
  4119 | D:4      | Noticed an ogre
  4364 | D:4      | Noticed an air elemental
  4388 | D:4      | Found a stormy altar of Qazlal.
  4390 | D:4      | Noticed a fire elemental
  4390 | D:4      | Noticed a water elemental
  4452 | D:4      | Noticed Dowan
  4452 | D:4      | Noticed Duvessa
  4461 | D:4      | Killed Duvessa
  4462 | D:4      | Reached XP level 6. HP: 39/39 MP: 7/10
  4462 | D:4      | Killed Dowan
  4505 | D:4      | Learned a level 1 spell: Slow
  4958 | D:4      | Reached XP level 7. HP: 45/45 MP: 11/11
  5101 | D:5      | Entered Level 5 of the Dungeon
  5191 | D:5      | Noticed Juicyj's ghost (novice MiFi)
  5207 | D:5      | Reached skill level 5 in Unarmed Combat
  5221 | D:5      | Reached *** piety under Wu Jian
  5329 | D:5      | Noticed a hornet
  5362 | D:5      | Found a white marble altar of Elyvilon.
  5637 | D:5      | Noticed Sigmund
  5719 | D:5      | Found a transporter.
  5722 | D:5      | Found a transporter.
  5986 | D:6      | Found an opulent altar of Gozag.
  6025 | D:5      | Reached XP level 8. HP: 34/50 MP: 12/12
  6290 | D:6      | Noticed Menkaure
  6295 | D:5      | HP: 2/50 [Menkaure (21)]
  6300 | D:5      | Killed Menkaure
  6301 | D:5      | Reached skill level 6 in Unarmed Combat
  6647 | D:6      | Noticed a troll
  6689 | D:5      | HP: 1/51 [centaur (2)]
  7023 | D:6      | Found a shadowy altar of Dithmenos.
  7228 | D:6      | Reached skill level 7 in Unarmed Combat
  7346 | D:6      | HP: 1/51 [centaur/arrow (10)]
  7659 | D:6      | Reached skill level 5 in Transmutations
  7659 | D:6      | Reached skill level 1 in Evocations
  8120 | D:6      | Found a runed translucent door.
  8121 | D:6      | Noticed Crazy Yiuf
  8243 | D:6      | Reached XP level 9. HP: 40/55 MP: 11/13
  8663 | D:6      | Mangled by a troll

Illustrated notes

Levels and vault maps discovered:
D:1:      dpeg_arrival_shelter, layout_basic
D:2:      layout_basic, shapermc_ecumenical_altar_pompeii
D:3:      wad_crossroads, layout_rooms, amcnicky_altar_gilded,
          ashenzari_conservatory_becter, gammafunk_ghost_grave,
          gup_sewer_entry_bowl
D:4:      layout_loops_cross, nicolae_qazlal_style_of_elements,
          kennysheep_donut, uniq_duvessa
D:5:      layout_cave_pools, mainiacjoe_overflow_small_starburst,
          gammafunk_ghost_hive, uniq_sigmund
D:6:      layout_cave_pools, overflow_temple_1_default,
          overflow_temple_1_default, lemuel_temple_firewalk_a,
          uniq_crazy_yiuf_cottage, uniq_menkaure

Skill      XL: |  1  2  3  4  5  6  7  8 |
---------------+-------------------------+-----
Throwing       | 1 2 |  2.0
Fighting       | 2 |  2.6
Stealth        | 1 2 3 4 |  4.0
Unarmed Combat | 4 5 7 |  7.5
Hexes          | 1 2 |  2.3
Spellcasting   | 3 |  3.0
Transmutations | 3 5 |  5.1
Dodging        | 3 4 |  4.3
Evocations     | 1 |  1.0

Action                   |  1- 3 |  4- 6 |  7- 9 || total
-------------------------+-------+-------+-------++-------
Melee: Unarmed           |    68 |    78 |   125 ||   271
       Tentacles         |    14 |    19 |    28 ||    61
       Constrict         |    15 |    22 |    23 ||    60
       Kick              |    16 |    18 |    26 ||    60
       Punch             |     1 |     7 |     4 ||    12
       Staff             |       |     9 |       ||     9
Throw: Stone             |    95 |    78 |    40 ||   213
       Dart              |       |     9 |    24 ||    33
 Cast: Beastly Appendage |    20 |    17 |    17 ||    54
       Wereblood         |       |     2 |     3 ||     5
       Slow              |       |     3 |     1 ||     4
Invok: Lunge             |     3 |     4 |     9 ||    16
       Whirlwind         |       |     1 |     2 ||     3
Evoke: Wand              |       |       |     5 ||     5
  Use: Scroll            |       |     9 |     7 ||    16
       Potion            |       |       |     3 ||     3
 Stab: Sleeping          |     1 |     2 |       ||     3
Armor: Skin              |     7 |    10 |     6 ||    23
Dodge: Dodged            |    33 |    45 |    71 ||   149

Table legend: (Time is in decaauts)
 A = Elapsed time spent in this place.
 B = Non-inter-level travel time spent in this place.
 C = Inter-level travel time spent in this place.
 D = Time resting spent in this place.
 E = Time spent auto-exploring this place.
 F = Levels seen in this place.
 G = Mean time per level.
                   A        B        C        D        E       F      G
               +--------+--------+--------+--------+--------+-----+--------+
         Total |   8661 |   8109 |    552 |   2222 |   4001 |   7 | 1237.3 |
       Dungeon |   8456 |   7904 |    552 |   2222 |   4001 |   6 | 1409.3 |
         Sewer |    205 |    205 |      0 |      0 |      0 |   1 |  205.0 |
               +--------+--------+--------+--------+--------+-----+--------+

Top non-repeatable levels by time:
     D:5: 2454 daAuts
     D:2: 1392 daAuts
     D:3: 1334 daAuts
     D:1: 1185 daAuts
     D:6: 1104 daAuts
     D:4: 985 daAuts
   Sewer: 205 daAuts
